 Dungeon Crawl Stone Soup version 0.29-a0-824-gd827844252 (webtiles) character file.

Game seed: 8894561218486286053

1536 kevlar127 the Ruffian (level 8, -4/126 HPs)
             Began as a Troll Berserker on July 9, 2022.
             Was an Elder of Trog.
             Slain by a gnoll sergeant
             ... wielding a +0 vorpal trident
              (7 damage)
             ... on level 6 of the Dungeon.
             The game lasted 00:12:13 (4660 turns).

kevlar127 the Ruffian (Troll Berserker)             Turns: 4660, Time: 00:12:14

Health: -4/126     AC:  4    Str: 34    XL:     8   Next: 56%
Magic:  7/7        EV: 10    Int:  3    God:    Trog [****..]
Gold:   294        SH:  0    Dex:  9    Spells: 7/7 levels left

rFire   . . .      SeeInvis .     - Unarmed
rCold   . . .      Faith    .   (no shield)
rNeg    . . .      Spirit   .   a - +0 animal skin
rPois   .          Reflect  .   (helmet restricted)
rElec   .          Harm     .   (no cloak)
rCorr   .          Rampage  .   (gloves unavailable)
Will    ++...                   (boots unavailable)
Stlth   ..........              (no amulet)
HPRegen 2.11/turn               j - +6 ring of strength
MPRegen 0.10/turn               (no ring)

@: berserking, strong-willed, regenerating, very quick
A: large, unfitting armour, claws 3, regeneration 1, shaggy fur 1, tough skin 1
a: Renounce Religion, Berserk, Trog's Hand, Brothers in Arms


You were on level 6 of the Dungeon.
You worshipped Trog.
Trog was greatly pleased with you.
You visited 1 branch of the dungeon, and saw 6 of its levels.
You also visited: Sewer.

You collected 294 gold pieces.

Inventory:

Missiles
 d - 67 stones (quivered)
 e - 10 poisoned darts
 i - 3 boomerangs of dispersal
 A - a curare-tipped dart
 B - 10 javelins
Armour
 a - a +0 animal skin (worn)
Jewellery
 j - a +6 ring of strength (left claw)
 x - a ring of magical power
Wands
 t - a wand of mindburst (18)
Scrolls
 b - a scroll of immolation
 f - 2 scrolls of poison
 h - 5 scrolls of identify {unknown}
 m - a scroll of summoning {unknown}
 o - 2 scrolls of fear {unknown}
 p - a scroll of enchant weapon {unknown}
 r - a scroll of acquirement {unknown}
 u - a scroll of magic mapping {unknown}
 v - 4 scrolls of vulnerability {unknown}
 w - a scroll of teleportation {unknown}
 y - a scroll of enchant armour {unknown}
 D - 3 scrolls of amnesia {unknown}
Potions
 c - 2 potions of curing {unknown}
 g - a potion of cancellation {unknown}
 k - a potion of heal wounds {unknown}
 l - 2 potions of mutation {unknown}
 n - a potion of magic {unknown}
 q - a potion of lignification {unknown}
 s - a potion of haste {unknown}
 z - 2 potions of invisibility {unknown}
 C - a potion of resistance {unknown}


   Skills:
 * Level 6.4 Fighting
 + Level 3.3 Throwing
 - Level 2.4 Dodging
 * Level 7.7 Unarmed Combat


You had 7 spell levels left.
You didn't know any spells.
Your spell library was empty.

Dungeon Overview and Level Annotations

Branches:
Dungeon (6/15)              Sewer (visited)
 Temple: D:4-7

Altars:
Cheibriados
Gozag
Makhleb


Innate Abilities, Weirdness & Mutations

You are too large for most types of armour.
You have claws for hands.
Your natural rate of healing is unusually fast.
You are covered in fur. (AC +1)
You have tough skin. (AC +1)


Message History

Your skin crawls.
You feel strong-willed. The gnoll closely misses you.
A necrophage comes into view.
The gnoll sergeant closely misses you. The gnoll barely misses you.
A red film seems to cover your vision as you go berserk!
You feel yourself moving faster!
You feel mighty! The gnoll hits you with a +0 club. x3
The gnoll sergeant hits you from afar with a +0 vorpal trident.
Unknown command.
You closely miss the gnoll.
The gnoll is heavily wounded.
The gnoll closely misses you. The gnoll hits you with a +0 club!
The gnoll hits you with a +0 club.
The gnoll sergeant hits you from afar with a +0 vorpal trident!
* * * LOW HITPOINT WARNING * * *
You mangle the gnoll!!
You kill the gnoll!
Trog accepts your kill.
You mangle the gnoll!!
You kill the gnoll!
Trog accepts your kill.
A steam dragon comes into view.
The gnoll hits you with a +0 club.
* * * LOW HITPOINT WARNING * * *
The gnoll sergeant hits you from afar with a +0 vorpal trident!
* * * LOW HITPOINT WARNING * * *
x2 The steam dragon hisses angrily.
You mangle the gnoll!!
You kill the gnoll!
Trog accepts your kill. The steam dragon breathes steam at you.
The ball of steam hits you!!
* * * LOW HITPOINT WARNING * * *
The gnoll sergeant hits you from afar with a +0 vorpal trident.
* * * LOW HITPOINT WARNING * * *
x2 You see here a +0 club.
You feel a strong urge to attack something.
The gnoll sergeant hits you with a +0 vorpal trident!
You die...

.####.....###.#
...............
.####.#.....#..
#...#.###..
###.#......
#########....##.
.................
##....).#.#.#..8
#..$.@§#...#.#.
......g.§#####
......n.§#
.......§..
.......§###
###..... #.....
####..


You could see a necrophage and a gnoll sergeant.

Vanquished Creatures
  A water moccasin (D:6)
  An ice beast (D:5)
  A black bear (D:3)
  3 ogres
  2 kobold brigands
  A necrophage (D:4)
  3 scorpions
  5 hounds
  A gnoll bouda (D:4)
  An iron imp (D:3)
  2 iguanas
  An orc wizard (D:3)
  10 gnolls
  10 adders
  3 river rats
  A white imp (D:5)
  5 worms
  2 dart slugs
  4 orcs
  9 bats
  6 endoplasms
  3 giant cockroaches
  4 goblins
  7 hobgoblins
  7 jackals
  6 kobolds
  5 quokkas
  12 ball pythons
  9 frilled lizards
  9 rats
134 creatures vanquished.

Vanquished Creatures (others)
  31 plants
31 creatures vanquished.

Grand Total: 165 creatures vanquished

Notes
Turn   | Place    | Note
-------+----------+-------------------------------------------
     0 | D:1      | kevlar127 the Troll Berserker began the quest for the Orb.
     0 | D:1      | Reached XP level 1. HP: 22/22 MP: 0/0
   492 | D:1      | Reached XP level 2. HP: 29/29 MP: 1/1
   811 | D:2      | Reached XP level 3. HP: 36/37 MP: 2/2
   875 | D:2      | Reached ** piety under Trog
  1216 | D:2      | Reached skill level 4 in Unarmed Combat
  1484 | D:3      | Reached XP level 4. HP: 45/45 MP: 3/3
  1566 | D:3      | Found a snail-covered altar of Cheibriados.
  1674 | D:3      | Noticed a black bear
  1689 | D:3      | Killed a black bear
  1690 | D:3      | Reached skill level 5 in Unarmed Combat
  1690 | D:3      | Reached XP level 5. HP: 45/54 MP: 4/4
  1733 | D:3      | Found a glowing drain.
  1746 | Sewer    | Entered a sewer
  1799 | Sewer    | Reached *** piety under Trog
  1800 | Sewer    | Reached XP level 6. HP: 56/62 MP: 5/5
  3209 | D:4      | Reached skill level 1 in Throwing
  3222 | D:4      | Reached XP level 7. HP: 59/71 MP: 6/6
  3269 | D:4      | Reached skill level 5 in Fighting
  3269 | D:4      | Reached skill level 6 in Unarmed Combat
  3308 | D:4      | Found an opulent altar of Gozag.
  3976 | D:5      | Entered Level 5 of the Dungeon
  4074 | D:5      | Reached XP level 8. HP: 71/83 MP: 7/7
  4085 | D:5      | Reached **** piety under Trog
  4205 | D:5      | Reached skill level 7 in Unarmed Combat
  4597 | D:5      | Found a burning altar of Makhleb.
  4659 | D:6      | HP: 3/126 [gnoll sergeant/+0 vorpal trident (4)]
  4660 | D:6      | Slain by a gnoll sergeant

Illustrated notes

Levels and vault maps discovered:
D:1:      ebering_hopf_link, layout_loops_ring, chequers_serial_rivers_large_b
D:2:      minmay_wonky_spiral, layout_basic
D:3:      layout_loops_ring, slow_altar_1, gup_sewer_entry_bubbles,
          serial_glass, glass_columns_a, glass_columns_b, glass_columns_a,
          glass_columns_c, glass_columns_b, minmay_cut_off
D:4:      layout_rooms, nicolae_gozag_cash_rules_everything_around_me,
          serial_bayou_lake_a
D:5:      layout_rooms, makhleb_heckhound_becter, kennysheep_generic_room_16
D:6:      layout_basic, led_sif_book, kennysheep_mini,
          minmay_temple_entry_statues_pillars, serial_shops, shop,
          minmay_misc_feat_cross

Skill      XL: |  1  2  3  4  5  6  7  8 |
---------------+-------------------------+-----
Fighting       | 3 4 5 6 |  6.4
Unarmed Combat | 4 5 6 7 |  7.7
Throwing       | 1 2 3 |  3.3
Dodging        | |  2.4

Action                   |  1- 3 |  4- 6 |  7- 9 || total
-------------------------+-------+-------+-------++-------
Melee: Unarmed           |   112 |   216 |   106 ||   434
       Punch             |     4 |    14 |     3 ||    21
Invok: Berserk           |       |     1 |     1 ||     2
       Trog's Hand       |       |       |     1 ||     1
  Use: Scroll            |       |     2 |       ||     2
 Stab: Sleeping          |     3 |     1 |       ||     4
Armor: Animal skin       |    42 |    64 |    17 ||   123
Dodge: Dodged            |    59 |    70 |    41 ||   170

Table legend: (Time is in decaauts)
 A = Elapsed time spent in this place.
 B = Non-inter-level travel time spent in this place.
 C = Inter-level travel time spent in this place.
 D = Time resting spent in this place.
 E = Time spent auto-exploring this place.
 F = Levels seen in this place.
 G = Mean time per level.
                   A        B        C        D        E       F      G
               +--------+--------+--------+--------+--------+-----+--------+
         Total |   4986 |   4690 |    296 |    236 |   3227 |   7 |  712.3 |
       Dungeon |   3727 |   3431 |    296 |    136 |   2611 |   6 |  621.2 |
         Sewer |   1258 |   1258 |      0 |    100 |    616 |   1 | 1258.0 |
               +--------+--------+--------+--------+--------+-----+--------+

Top non-repeatable levels by time:
   Sewer: 1258 daAuts
     D:4: 843 daAuts
     D:1: 842 daAuts
     D:3: 698 daAuts
     D:2: 669 daAuts
     D:5: 648 daAuts
     D:6: 25 daAuts
